 Dungeon Crawl Stone Soup version 0.22.1-2-g9c5b331383 (webtiles) character file.

46 Adamkad1 the Charmwright (level 3, 0/21 HPs)
             Began as a Tengu Skald on Dec 19, 2018.
             Succumbed to an adder's poison
             ... on level 2 of the Dungeon.
             The game lasted 00:02:16 (1360 turns).

Adamkad1 the Charmwright (Tengu Skald)              Turns: 1360, Time: 00:02:17

Health: 0/21       AC:  3    Str: 11    XL:     3   Next: 68%
Magic:  7/7        EV: 12    Int: 13    God:
Gold:   77         SH:  0    Dex: 14    Spells: 1/6 levels left

rFire    . . .     SeeInvis .   a - +0 falchion
rCold    . . .     Gourm    .   (no shield)
rNeg     . . .     Faith    .   b - +0 leather armour
rPois    .         Spirit   .   (helmet restricted)
rElec    .         Reflect  .   (no cloak)
rCorr    .         Harm     .   (no gloves)
MR       .....                  (boots unavailable)
Stlth    +.........             (no amulet)
HPRegen  0.07/turn              (no ring)
MPRegen  0.10/turn              (no ring)

@: lethally poisoned (0 -> -1)
A: beak, talons 3
a: no special abilities


You were on level 2 of the Dungeon.
You were hungry.

You visited 1 branch of the dungeon, and saw 2 of its levels.

You collected 77 gold pieces.

Inventory:

Hand Weapons
 a - a +0 falchion (weapon)
 j - a +0 hunting sling
Armour
 b - a +0 leather armour (worn)
Scrolls
 c - a scroll of teleportation
 e - 2 scrolls of identify
 h - 2 scrolls of fog {unknown}
Potions
 g - a potion of ambrosia
Comestibles
 d - 3 rations
 f - 6 chunks of flesh


   Skills:
 + Level 2.1 Fighting
 * Level 2.6 Long Blades
 + Level 1.4 Armour
 * Level 2.5 Dodging
 + Level 2.2 Spellcasting
 * Level 3.0 Charms
 + Level 0.3 Translocations


You had one spell level left.
You knew the following spells:

 Your Spells              Type           Power        Failure   Level  Hunger
a - Infusion              Chrm           #...         10%         1    ##.....
b - Song of Slaying       Chrm           #.......     14%         2    ###....
c - Shroud of Golubria    Chrm/Tloc      #.........   24%         2    ###....

Your spell library contained the following spells:

 Spells                   Type           Power        Failure   Level  Hunger
 Regeneration             Chrm/Necr      #.........   47%         3    ####...
 Spectral Weapon          Hex/Chrm       #.......     47%         3    ####...


Dungeon Overview and Level Annotations

Branches:
Dungeon (2/15)

Altars:


Innate Abilities, Weirdness & Mutations

You have a beak for a mouth.
You have claws for feet.


Message History

The adder bites you.
* * * LOW HITPOINT WARNING * * *
You aren't carrying any items that you can evoke.
Unknown command.
You are too injured to fight recklessly!
You barely miss the adder.
You are feeling hungry.
You feel sick. The adder bites you but does no damage.
You hit the adder.
The adder is severely wounded.
The adder closely misses you. The adder bites you.
* * * LOW HITPOINT WARNING * * *
You barely miss the adder. You claw the adder. Your peck misses the adder.
The adder is severely wounded.
The adder bites you.
* * * LOW HITPOINT WARNING * * *
You hit the adder.
You kill the adder!
Your Charms skill increases to level 3!
You die...

#..........#
#..........#
#..........#
#..........#
######..#### #..##
##..# .
######..#######.#
....###.%......@......#
........#####..########
........##...)......#
#.......##..........#
#.......##..........#
#######.##..........#
#.##..........#
#.#######..#### #.# .>.


There were no monsters in sight!

Vanquished Creatures
  An adder (D:2)
  A worm (D:2)
  2 leopard geckos
  3 bats (D:1)
  4 giant cockroaches
  6 goblins
  3 hobgoblins
  4 frilled lizards
  3 kobolds
  5 rats (D:1)
32 creatures vanquished.

Notes
Turn   | Place    | Note
-------+----------+-------------------------------------------
     0 | D:1      | Adamkad1 the Tengu Skald began the quest for the Orb.
     0 | D:1      | Reached XP level 1. HP: 12/12 MP: 4/4
   150 | D:1      | Reached XP level 2. HP: 17/17 MP: 6/6
   449 | D:1      | Learned a level 2 spell: Song of Slaying
   627 | D:1      | Learned a level 2 spell: Shroud of Golubria
   756 | D:1      | Reached XP level 3. HP: 21/21 MP: 7/7
  1358 | D:2      | HP: 1/21 [adder (1)]
  1359 | D:2      | Reached skill level 3 in Charms
  1360 | D:2      | Succumbed to an adder's poison

Skill      XL: |  1  2  3 |
---------------+----------+-----
Charms         | 3 |  3.0
Fighting       | |  2.1
Long Blades    | |  2.6
Armour         | |  1.4
Dodging        | |  2.5
Spellcasting   | |  2.2
Translocations | |  0.3

Action                   || total
-------------------------++-------
Melee: Falchion          ||    81
       Kick              ||    25
       Peck              ||     5
 Cast: Infusion          ||     1
  Use: Scroll            ||     3
  Eat: Chunk             ||     1
Armor: Leather armour    ||    17
Dodge: Dodged            ||    56
       Rpst.: Falchion   ||    14
